 Dungeon Sprint DCSS version 0.27-a0-808-g60bc5d92e6 (webtiles) character file.

Game seed: 2660515814000039093

7 mhtbhm the Cutter (level 2, -3/30 HPs)
             Began as a Kobold Berserker on Mar 28, 2021.
             Was a Believer of Trog.
             Slain by an ogre
             ... wielding a +0 giant spiked club
              (10 damage)
             ... in the Dungeon (Sprint IX: "|||||||||||||||||||||||||||||").
             The game lasted 00:00:07 (169 turns).

mhtbhm the Cutter (Kobold Berserker)                 Turns: 169, Time: 00:00:08

Health: -3/30      AC:  2    Str: 14    XL:     2   Next: 5%
Magic:  2/2        EV: 15    Int:  8    God:    Trog [**....]
Gold:   0          SH:  0    Dex: 14    Spells: 1/1 levels left

rFire    . . .     SeeInvis .   a - +0 short sword
rCold    . . .     Faith    .   (shield restricted)
rNeg     . . .     Spirit   .   b - +0 animal skin
rPois    .         Reflect  .   (no helmet)
rElec    .         Harm     .   (no cloak)
rCorr    .         Rampage  .   (no gloves)
Will     .....     NoTele   +   (no boots)
Stlth    ..........             (no amulet)
HPRegen  0.10/turn              (no ring)
MPRegen  0.08/turn              (no ring)

@: berserking, very quick
A: small, no large weapons, nightstalker 3
a: Renounce Religion, Berserk, Trog's Hand


You were in the Dungeon.
You worshipped Trog.
Trog was pleased with you.
You visited 1 branch

Inventory:

Hand Weapons
 a - a +0 short sword (weapon)
Armour
 b - a +0 animal skin (worn)
Scrolls
 h - a scroll of blinking
Potions
 c - a potion of curing
 d - a potion of heal wounds
 e - a potion of haste
 f - 2 potions of magic
 g - a potion of berserk rage


   Skills:
 + Level 4.1 Fighting
 + Level 5.1 Short Blades
 + Level 1.8 Armour
 + Level 2.8 Dodging


You had one spell level left.
You didn't know any spells.
Your spell library was empty.

Dungeon Overview and Level Annotations

Branches:
Dungeon (1/1)

Altars:


Innate Abilities, Weirdness & Mutations

You are small and have problems with some larger weapons.
You are completely attuned to the shadows.


Message History

You kill the kobold!
Trog accepts your kill.
Your Short Blades skill increases to level 5!
You puncture the goblin!
You kill the goblin!
Trog accepts your kill.
You have reached level 2!
Things that are here:
a +0 club; a +0 dagger; a goblin corpse You feel a strong urge to attack something.
You start resting.
You are no longer berserk.
You are exhausted.
You feel yourself slow down.
You start resting.
You feel yourself speed up.
You start resting.
You recover from your berserk rage.
You start resting.
HP restored.
You open the door.
An iguana, a sky beast and an ogre come into view.
The ogre shouts!
The iguana hisses angrily.
A red film seems to cover your vision as you go berserk!
You feel yourself moving faster!
You feel mighty!
The ogre hits you with a +0 giant spiked club!!
Ouch! That really hurt!
* * * LOW HITPOINT WARNING * * *
You barely miss the ogre. The ogre barely misses you.
You puncture the ogre!
The ogre is moderately wounded.
The ogre closely misses you.
You closely miss the ogre.
The ogre is moderately wounded.
The sky beast flickers out of sight!
Deactivating autopickup; reactivate with Ctrl-A.
You puncture the ogre!
The ogre is severely wounded.
The ogre hits you with a +0 giant spiked club!
You die...

▓.▓
▓.▓
▓.▓
▓†▓
▓)▓
▓†▓
▓)▓
▓.▓
▓@▓
▓O▓
▓{▓
▓l▓
▓.▓


You could see an ogre and an iguana.

Vanquished Creatures
  A dart slug (D)
  2 goblins (D)
  A kobold (D)
  A rat (D)
5 creatures vanquished.

Notes
Turn   | Place    | Note
-------+----------+-------------------------------------------
     0 | D        | mhtbhm the Kobold Berserker began the quest for the Orb.
     0 | D        | Reached XP level 1. HP: 14/14 MP: 1/1
    13 | D        | Reached ** piety under Trog
    16 | D        | Reached skill level 5 in Short Blades
    17 | D        | Reached XP level 2. HP: 16/20 MP: 2/2
   164 | D        | Noticed an ogre
   164 | D        | Noticed a sky beast
   169 | D        | Slain by an ogre

Illustrated notes

Levels and vault maps discovered:
D:        linesprint [early_d, line_temple, items_1, d_10, items_2, lair_1,
          lair_end, items_3, orc_1, orc_end, items_4, d_15, swamp_1, shoals_1,
          snake_1, spider_1, d_20, vaults_1, items_5, swamp_end, shoals_end,
          snake_end, spider_end, vaults_end, d_27, items_6, zot_1, zot_end,
          crypt_end, forest_end, elf_end, slime_end, tomb_end, abyss_end,
          pan_hell_end]

Skill      XL: |  1 |
---------------+----+-----
Fighting       | 4 |  4.1
Short Blades   | 5 |  5.1
Armour         | |  1.8
Dodging        | |  2.8

Action                   || total
-------------------------++-------
Melee: Short sword       ||    13
Invok: Berserk           ||     2
Armor: Animal skin       ||     1
Dodge: Dodged            ||     6

Table legend: (Time is in decaauts)
 A = Elapsed time spent in this place.
 B = Non-inter-level travel time spent in this place.
 C = Inter-level travel time spent in this place.
 D = Time resting spent in this place.
 E = Time spent auto-exploring this place.
 F = Levels seen in this place.
 G = Mean time per level.
                   A        B        C        D        E       F      G
               +--------+--------+--------+--------+--------+-----+--------+
         Total |    172 |    172 |      0 |    152 |      0 |   1 |  172.0 |
       Dungeon |    172 |    172 |      0 |    152 |      0 |   1 |  172.0 |
               +--------+--------+--------+--------+--------+-----+--------+

Top non-repeatable levels by time:
       D: 172 daAuts
